 Dungeon Crawl Stone Soup version 0.30.1 (webtiles) character file.

Game seed: 785889749070284821

9053 Graphine the Cleaver (level 11, -1/99 HPs)
             Began as a Hill Orc Fighter on July 7, 2023.
             Was the Champion of Zin.
             Slain by an orc warrior
             ... wielding a +0 battleaxe
             ... led by an orc knight
              (11 damage)
             ... on level 10 of the Dungeon.
             The game lasted 00:23:36 (11234 turns).

Graphine the Cleaver (Hill Orc Fighter)            Turns: 11234, Time: 00:23:36

Health: -1/99      AC: 22    Str: 31    XL:     11   Next: 40%
Magic:  16/17      EV:  9    Int: 16    God:    Zin [******]
Gold:   600        SH:  6    Dex: 12    Spells: 10/10 levels left

rFire   . . .        a - +1 war axe
rCold   + + .        c - +0 buckler
rNeg    . . .        i - +0 plate armour
rPois   ∞            (no helmet)
rElec   .            y - +0 cloak
rCorr   .            (no gloves)
SInv    .            m - +2 pair of boots
Will    +....        e - amulet of faith Stlth
                     F - ring of Faroc {rPois rC+ Will+ Int+6}
HPRegen 0.36/turn    C - ring "Zucwoud" {rC+ AC+4 Str+5}
MPRegen 0.15/turn

%: faith
@: vitalised, on recite cooldown, invisible
A: no striking features
a: Renounce Religion, Recite, Vitalisation, Imprison, Sanctuary, Donate Gold


You were on level 10 of the Dungeon.
You worshipped Zin.
Zin was exalted by your worship.
You visited 3 branches of the dungeon, and saw 12 of its levels.

You collected 877 gold pieces.
You spent 190 gold pieces at shops.
You donated 87 gold pieces to Zin.

Inventory:

Hand Weapons
 a - a +1 war axe (weapon)
 s - a +2 hand axe of freezing
Armour
 c - a +0 buckler (worn)
 i - a +0 plate armour (worn)
 m - a +2 pair of boots (worn)
 y - a +0 cloak (worn)
Magical Staves
 B - a staff of earth
Jewellery
 e - an amulet of faith (around neck)
 g - an amulet of the acrobat
 h - a ring of see invisible
 j - a +6 ring of dexterity
 o - a ring of protection from fire
 w - a ring of protection from cold
 C - the ring "Zucwoud" (right hand) {rC+ AC+4 Str+5}
   (You took it off an orc warrior on level 8 of the Dungeon)

   [ring of protection]

   AC:        It affects your AC (+4).
   Str:       It affects your strength (+5).
   rC:        It protects you from cold.
 E - the ring of False Hope {rCorr Dex+6}
   (You found it on level 8 of the Dungeon)

   [ring of dexterity]

   Dex:       It affects your dexterity (+6).
   rCorr:     It protects you from acid and corrosion.
 F - the ring of Faroc (left hand) {rPois rC+ Will+ Int+6}
   (You bought it in a shop on level 8 of the Dungeon)

   [ring of intelligence]

   Int:       It affects your intelligence (+6).
   rC:        It protects you from cold.
   rPois:     It protects you from poison.
   Will:      It increases your willpower.
 G - the ring "Laeblesa" {rElec rPois rCorr Int+3 Dex-2}
   (You bought it in a shop on level 8 of the Dungeon)

   [ring of resist corrosion]

   Int:       It affects your intelligence (+3).
   Dex:       It affects your dexterity (-2).
   rElec:     It insulates you from electricity.
   rPois:     It protects you from poison.
   rCorr:     It protects you from acid and corrosion.
Wands
 b - a wand of flame (7)
 x - a wand of digging (5)
 H - a wand of paralysis (4)
 I - a wand of iceblast (3)
Scrolls
 l - 3 scrolls of teleportation
 p - a scroll of identify
 r - 3 scrolls of magic mapping
 t - a scroll of enchant weapon
 u - a scroll of fear
 A - a scroll of fog
Potions
 d - 12 potions of curing
 f - a potion of flight {unknown}
 k - a potion of invisibility
 n - a potion of mutation {unknown}
 q - 2 potions of heal wounds
 v - 3 potions of brilliance {unknown}
 z - 4 potions of might
 D - a potion of attraction {unknown}


   Skills:
 - Level 10.0 Fighting
 * Level 11.9 Axes
 + Level 7.8 Armour
 - Level 5.0 Dodging
 + Level 7.9 Shields
 * Level 8.7 Invocations


You had 10 spell levels left.
You didn't know any spells.
Your spell library contained the following spells:

 Spells                   Type           Power      Damage    Failure   Level
 Magic Dart               Conj           0%         1d3       91%         1
 Sandblast                Erth           0%         2d4       91%         1
 Blink                    Tloc           0%         N/A       97%         2
 Call Imp                 Summ           0%         N/A       97%         2
 Cigotuvi's Dreadful Rot  Necr/Pois/Air  0%         N/A       97%         2
 Lesser Beckoning         Tloc           0%         N/A       97%         2
 Momentum Strike          Conj/Tloc      0%         3d8       97%         2
 Passwall                 Tmut/Erth      0%         N/A       97%         2
 Searing Ray              Conj           0%         2d4       97%         2
 Sublimation of Blood     Necr           0%         N/A       97%         2
 Wereblood                Tmut           0%         N/A       97%         2
 Dazzling Flash           Conj/Hex       0%         N/A       100%        3
 Gell's Gravitas          Tloc           0%         N/A       100%        3
 Ozocubu's Armour         Ice            0%         N/A       100%        3
 Stone Arrow              Conj/Erth      0%         3d7       100%        3
 Teleport Other           Tloc           0%         N/A       100%        3
 Volatile Blastmotes      Fire/Tloc      0%         2d10      100%        3
 Fulminant Prism          Conj/Hex       0%         3d5       100%        4
 Iskenderun's Mystic Bla  Conj/Tloc      0%         2d3       100%        4
 Leda's Liquefaction      Hex/Erth       0%         N/A       100%        4
 Lee's Rapid Deconstruct  Erth           0%         3d4*      100%        5
 Dispersal                Tloc           0%         N/A       100%        6
 Starburst                Conj/Fire      0%         6d3       100%        6
 Statue Form              Tmut/Erth      0%         N/A       100%        6
 Ozocubu's Refrigeration  Ice            0%         4d7       100%        7
 Summon Hydra             Summ           0%         N/A       100%        7
 Dragon's Call            Summ           0%         N/A       100%        9


Dungeon Overview and Level Annotations

Branches:
Dungeon (10/15)            Temple (1/1) D:6            Lair (0/5) D:8
    Orc (1/2) D:10

Altars:
Ashenzari
Cheibriados
Elyvilon
Fedhas
Gozag
Hepliaklqana
Kikubaaqudgha
Nemelex Xobeh
Okawaru
Qazlal
Ru
Sif Muna
Trog
Uskayaw
Wu Jian
Xom
Yredelemnul
Zin
The Shining One

Shops:
D:2 =   D:8 *


Message History

You finish reciting Abominations 18:74.
The orc warrior shoots a bolt.
The bolt hits the orc warrior!
The orc warrior closely misses you. You block the orc warrior's attack.
The orc knight hits you with a +2 war axe.
You block the orc warrior's attack.
The orc warrior shoots a bolt.
The bolt misses the orc warrior.
The bolt hits the orc warrior!
The orc warrior hits you with a +0 battleaxe!
You block the orc warrior's attack.
The orc knight hits you but does no damage.
The orc priest hits you but does no damage.
The orc knight hits you with a +0 war axe!
The orc warrior hits you from afar with a +0 glaive.
You climb upwards.
Welcome back to the Dungeon!
There is a staircase to the Orcish Mines, spattered with blood here.
You hit the orc priest.
The orc priest is lightly wounded.
You hit the orc knight but do no damage. x2
You closely miss the orc warrior. You slash the orc priest!
The orc priest is almost dead.
You hit the orc knight. You hit the orc warrior. You hit the orc knight.
The orc warrior barely misses you.
The orc knight hits you with a +2 war axe.
The orc knight hits you but does no damage.
The orc priest hits you but does no damage.
You hit the orc priest but do no damage.
The orc priest is almost dead.
You barely miss the orc knight.
You hit the orc knight but do no damage.
You hit the orc warrior. The orc warrior barely misses you.
The orc knight hits you with a +2 war axe!
The orc knight hits you with a +0 war axe!!
* * * LOW HITPOINT WARNING * * *
The orc priest hits you but does no damage.
Okay, then.
Okay, then.
You fade into invisibility!
The orc warrior hits you with a +0 battleaxe!
You die...

#.# #.# #...... #.# #.#####
####### #.# #.....#
##############################
.....................)...#.'!#
..#.......[..............#.#!#
))#!......[[....[........#.#!#
))........[))..[o..........#.#
)))......##.....@o.........###
...............o.o...#....~#
.....................#...~.#
############################
#### #.# #..........# #... #.#
#.########.##### #.##
####.###.####.........# #.#
###....##.)<........###.# #.#
......###..####.##### #.# #.#


You could see 2 orc knights, an orc warrior (strong, unable to see you) and an
orc priest (strong, blind).

Vanquished Creatures
  A two-headed ogre (D:10)
  Pikel (D:5)
  Joseph (D:7)
  A gargoyle (D:10)
  An unseen horror (D:10)
  A troll (D:10)
  A hornet (D:9)
  A shadow (D:10)
  A wyvern (D:9)
  A wraith (D:10)
  3 wargs (D:10)
  8 water moccasins
  8 orc warriors
  A swamp drake (D:10)
  4 sky beasts
  3 ice beasts
  6 black bears
  An ogre (D:5)
  A lemure (D:5)
  A centaur (D:9)
  4 kobold brigands
  A phantom (D:5)
  4 bullfrogs
  A scorpion (D:5)
  5 wights
  20 killer bees
  3 howler monkeys
  2 hounds
  4 jellies
  Crazy Yiuf (D:7)
  A gnoll bouda (D:7)
  6 orc priests
  4 iguanas
  Ijyb (D:5)
  A sleepcap (D:7)
  10 orc wizards
  5 adders
  3 gnolls (D:7)
  2 shadow imps (D:8)
  A white imp (D:6)
  An ufetubus (D:5)
  3 worms
  3 dart slugs
  51 orcs
  16 endoplasms
  12 giant cockroaches
  7 goblins
  10 hobgoblins
  8 jackals
  A quokka (D:2)
  6 ball pythons
  8 bats
  3 frilled lizards
  19 kobolds
  12 rats
285 creatures vanquished.

Vanquished Creatures (others)
  An orc warrior (Orc:1)
  An orc priest (Orc:1)
  4 orcs
6 creatures vanquished.

Grand Total: 291 creatures vanquished

Notes
Turn   | Place    | Note
-------+----------+-------------------------------------------
     0 | D:1      | Graphine the Hill Orc Fighter began the quest for the Orb.
     0 | D:1      | Reached XP level 1. HP: 19/19 MP: 1/1
     1 | D:1      | Found a runed translucent door.
    16 | D:1      | Reached skill level 3 in Axes
    16 | D:1      | Reached XP level 2. HP: 15/27 MP: 2/2
   129 | D:1      | Reached XP level 3. HP: 33/33 MP: 3/3
   810 | D:1      | Reached XP level 4. HP: 41/41 MP: 4/4
  1337 | D:2      | Found Diqur's Jewellery Boutique.
  1558 | D:2      | Reached skill level 4 in Axes
  1558 | D:2      | Reached skill level 1 in Dodging
  1558 | D:2      | Reached XP level 5. HP: 40/47 MP: 5/5
  2057 | D:3      | Reached skill level 5 in Fighting
  2629 | D:3      | Reached XP level 6. HP: 56/56 MP: 6/6
  2662 | D:3      | Noticed an ice beast
  2671 | D:3      | Killed an ice beast
  2672 | D:3      | Reached skill level 5 in Axes
  2772 | D:3      | Found an ancient bone altar of Kikubaaqudgha.
  3365 | D:4      | Got the Enchiridion on Disgusting Companions
  3568 | D:5      | Entered Level 5 of the Dungeon
  3568 | D:5      | Noticed Pikel
  3605 | D:5      | Reached XP level 7. HP: 49/62 MP: 7/7
  3740 | D:5      | Reached skill level 6 in Axes
  3851 | D:5      | Noticed Ijyb
  3861 | D:5      | Killed Ijyb
  3987 | D:5      | Killed Pikel
  3988 | D:5      | Reached skill level 7 in Axes
  3988 | D:5      | Reached skill level 5 in Armour
  3988 | D:5      | Reached skill level 5 in Shields
  3988 | D:5      | Reached XP level 8. HP: 22/73 MP: 8/8
  4659 | D:6      | Found a staircase to the Ecumenical Temple.
  5226 | D:6      | Reached skill level 8 in Axes
  5329 | Temple   | Entered the Ecumenical Temple
  5622 | Temple   | Became a worshipper of Zin the Law-Giver
  5622 | Temple   | Reached * piety under Zin
  5669 | D:7      | Reached XP level 9. HP: 66/81 MP: 9/9
  5748 | D:7      | Reached ** piety under Zin
  5783 | D:7      | Noticed Joseph
  5792 | D:7      | Reached skill level 1 in Invocations
  5801 | D:7      | Killed Joseph
  6371 | D:7      | Reached skill level 9 in Axes
  6595 | D:7      | Reached *** piety under Zin
  6845 | D:8      | Reached XP level 10. HP: 77/91 MP: 13/13
  6856 | D:8      | Found a staircase to the Lair.
  6869 | D:8      | Reached skill level 5 in Invocations
  7228 | D:7      | Found a runed translucent door.
  7229 | D:7      | Noticed Crazy Yiuf
  7235 | D:7      | Killed Crazy Yiuf
  7277 | D:8      | Reached skill level 10 in Axes
  7349 | D:8      | Identified the ring "Zucwoud" {rC+ AC+4 Str+5}
  7370 | D:8      | Reached **** piety under Zin
  7625 | D:8      | Found Uhexaaga's Assorted Antiques.
  7901 | D:8      | Reached skill level 10 in Fighting
  7974 | D:8      | Identified the ring of False Hope {rCorr Dex+6}
  8316 | D:8      | Bought a clouded golden ring for 95 gold pieces
  8316 | D:8      | Identified the ring of Faroc {rPois rC+ Will+ Int+6} (You
                  | bought it in a shop on level 8 of the Dungeon)
  8316 | D:8      | Bought a crude tin ring for 95 gold pieces
  8316 | D:8      | Identified the ring "Laeblesa" {rElec rPois rCorr Int+3
                  | Dex-2} (You bought it in a shop on level 8 of the Dungeon)
  8747 | D:9      | Reached ***** piety under Zin
  9174 | D:9      | Identified the +1 leather armour of the Shining Light
                  | {Rampage}
  9394 | D:9      | Reached skill level 11 in Axes
  9478 | D:9      | Found a sparkling altar of Nemelex Xobeh.
  9479 | D:9      | Found a glowing golden altar of the Shining One.
  9743 | D:9      | Identified the +1 leather armour of Disaster {rElec MP+9
                  | SInv Stlth-}
  9792 | D:10     | Entered Level 10 of the Dungeon
  9792 | D:10     | Noticed a two-headed ogre
  9801 | D:10     | Killed a two-headed ogre
  9802 | D:10     | Reached XP level 11. HP: 78/99 MP: 16/16
  9915 | D:10     | Found a hazy altar of Hepliaklqana.
  9915 | D:10     | Found an opulent altar of Gozag.
  9996 | D:10     | Reached ****** piety under Zin
 10619 | D:10     | Reached skill level 5 in Dodging
 10675 | D:10     | Found a staircase to the Orcish Mines.
 10874 | Orc:1    | Entered Level 1 of the Orcish Mines
 10876 | Orc:1    | Noticed an orc knight
 10883 | Orc:1    | Noticed an orc knight
 11234 | D:10     | Slain by an orc warrior

Illustrated notes

Levels and vault maps discovered:
D:1:      dpeg_arrival_caged_fury, layout_loops_corners
D:2:      layout_rooms, serial_forest, infiniplex_forest_end_1,
          infiniplex_forest_clump_small, infiniplex_forest_lined_room_2,
          infiniplex_forest_clump_medium, infiniplex_forest_clump_curved,
          infiniplex_forest_lined_2, serial_shops, shop,
          guppyfry_early_lair_pool
D:3:      layout_basic, nicolae_overflow_hidden_temple, hex_intersection,
          kennysheep_generic_room_15
D:4:      layout_loops_cross, st_stairs_4
D:5:      layout_basic, uniq_pikel, uniq_ijyb
D:6:      layout_loops_cross, minmay_temple_entry_wispy
D:7:      layout_cave_pools, uniq_joseph, uniq_crazy_yiuf_cottage
D:8:      layout_basic, due_lair_maze_entry_diamond, serial_aquarium,
          aquarium_bridge_square [aquarium_subvault_balcony,
          aquarium_subvault_balcony, aquarium_subvault_bridge,
          aquarium_subvault_window], aquarium_window_fake,
          aquarium_window_corner, aquarium_window_fake, aquarium_view_2f,
          aquarium_balcony_double_4, aquarium_pool_2, serial_shops, shop
D:9:      layout_basic, mainiacjoe_overflow_divided_tiny,
          chequers_decorated_corner, minivault_10, grunt_decor_junction
D:10:     layout_loops_ring, gammafunk_temple_overflow_elements, erik_orc_1
Temple:   minmay_temple_curvy_branch
Orc:1:    layout_caves

Skill      XL: |  1  2  3  4  5  6  7  8  9 10 11 |
---------------+----------------------------------+-----
Axes           | 3 4 5 7 8 9 11 | 11.9
Fighting       | 4 5 7 8 9 10 | 10.0
Dodging        | 1 2 3 4 5 |  5.0
Armour         | 4 5 6 7 |  7.8
Shields        | 4 5 6 7 |  7.9
Invocations    | 4 7 8 |  8.7

Action                     |  1- 3 |  4- 6 |  7- 9 | 10-12 || total
---------------------------+-------+-------+-------+-------++-------
  Melee: War axe           |    93 |   191 |   243 |   365 ||   892
 Invoke: Recite            |       |       |     3 |    14 ||    17
         Vitalisation      |       |       |       |     1 ||     1
  Evoke: Wand              |       |       |    10 |       ||    10
    Use: Potion            |     1 |     1 |     1 |     4 ||     7
         Scroll            |       |     8 |     2 |     3 ||    13
   Stab: Confused          |       |       |     1 |     6 ||     7
         Invisible         |       |       |       |     3 ||     3
         Paralysed         |       |       |       |     6 ||     6
 Armour: Scale mail        |    41 |    78 |     3 |       ||   122
         Chain mail        |       |       |   128 |    66 ||   194
         Plate armour      |       |       |       |   196 ||   196
  Dodge: Dodged            |    44 |   129 |   110 |   165 ||   448
  Block: Buckler           |    23 |    43 |    52 |   104 ||   222
